AoeStats
← jphilkill

Arena

506632714Analyzed
4v4 RM · 19d ago on Sep 14, 2026· 51m 14s· 8 players
Game mode
Random Map
Map size
Large (8 player)
Population
200
Speed
Normal
Resources
Standard
Victory
Conquest
Starting age
Dark Age
Ending age
Imperial Age
RankedLock teamsTeams togetherTeam positionsShared explorationLock speedFull tech treeHidden civsTurbo modeCheats
Victory
Defeat
🇨🇳 Cumans · China
1030
+15
🇹🇼 Persians · Taiwan
1023
+15
🇳🇱 Hindustanis · Netherlands
974
+17
🇩🇪 Burgundians · Germany
963
+18
🇨🇳 Malians · China
1146
-22
🇻🇳 Franks · Vietnam
1006
-16
🇨🇳 Inca · China
952
-41
🇨🇳 Cumans · China
922
-27
北部玄驹!
7:05 Loom
9:27 Feudal Age
10:43 Wheelbarrow
9:58 Double-Bit Axe
11:39 Horse Collar
22:08 Castle Age
20:34 Bloodlines
22:58 Scale Mail Armor
25:22 Hand Cart
26:10 Heavy Plow
26:38 Pikeman
28:30 Bow Saw
29:58 Town Watch
30:28 Capped Ram
30:44 Capped Ram
33:12 Scale Barding Armor
33:18 Forging
34:15 Town Patrol
39:38 Stone Mining
39:41 Gold Mining
41:14 Chain Barding Armor
41:12 Chain Mail Armor
41:18 Chain Barding Armor
41:34 Iron Casting
44:56 Imperial Age
43:29 Padded Archer Armor
43:20 Fletching
45:00 Steppe Husbandry
45:33 Leather Archer Armor
45:13 Bodkin Arrow
45:59 Cuman Mercenaries
46:19 Conscription
46:35 Halberdier
48:20 Blast Furnace
47:50 Plate Mail Armor
47:55 Plate Barding Armor
48:04 Light Cavalry
49:12 Hussar
51:01 Two-Man Saw
50:34 Crop Rotation
50:03 Elite Kipchak
51:04 Conscription
zdbkyoy
8:45 Loom
11:17 Feudal Age
15:03 Castle Age
13:15 Double-Bit Axe
14:36 Horse Collar
16:57 Wheelbarrow
18:40 Bow Saw
24:06 Heavy Plow
25:03 Gold Mining
29:55 Imperial Age
28:39 Hand Cart
28:38 Scale Barding Armor
30:37 Bloodlines
30:56 Farimba
30:20 Heavy Camel Rider
30:54 Town Watch
31:58 Conscription
32:00 Chain Barding Armor
32:15 Husbandry
34:54 Gold Shaft Mining
34:32 Forging
35:03 Crop Rotation
35:22 Light Cavalry
36:02 Elite Skirmisher
36:48 Thumb Ring
38:52 Chemistry
37:33 Treadmill Crane
40:08 Plate Barding Armor
41:24 Padded Archer Armor
42:00 Iron Casting
42:37 Leather Archer Armor
43:58 Masonry
44:54 Ring Archer Armor
44:15 Fletching
44:49 Ballistics
46:47 Architecture
46:32 Fortified Wall
YuKiKaZ
12:31 Feudal Age
13:01 Double-Bit Axe
12:58 Horse Collar
13:10 Gold Mining
13:11 Stone Mining
14:06 Wheelbarrow
17:46 Loom
17:47 Town Watch
20:52 Castle Age
19:56 Forging
21:16 Scale Mail Armor
21:06 Town Watch
22:23 Hand Cart
22:57 Gold Shaft Mining
22:57 Stone Shaft Mining
22:24 Heavy Plow
22:35 Bow Saw
24:45 Iron Casting
24:26 Chain Mail Armor
25:40 Treadmill Crane
32:08 Imperial Age
29:18 Pikeman
30:02 Squires
29:48 Arson
32:21 Town Patrol
34:12 Chemistry
33:32 Ballistics
34:16 Blast Furnace
33:47 Plate Mail Armor
33:07 Fletching
33:18 Padded Archer Armor
34:21 Conscription
34:33 Halberdier
36:00 Crop Rotation
36:54 Elite Skirmisher
37:40 Thumb Ring
41:38 Bodkin Arrow
41:58 Leather Archer Armor
44:09 Masonry
44:10 Fortified Wall
45:49 Bracer
46:20 Ring Archer Armor
phaple295
4:11 Loom
13:49 Feudal Age
shenkc
14:07 Feudal Age
20:45 Castle Age
22:53 Bloodlines
23:01 Pikeman
23:09 Pikeman
24:53 Husbandry
25:43 Horse Collar
30:14 Kamandaran
30:47 Crossbowman
31:51 Fletching
34:30 Scale Barding Armor
38:00 Imperial Age
38:34 Cavalier
51:08 Padded Archer Armor
51:53 Thumb Ring
viahortus
10:05 Feudal Age
13:44 Castle Age
11:59 Horse Collar
14:56 Forging
14:37 Double-Bit Axe
14:54 Heavy Plow
20:45 Wheelbarrow
21:25 Loom
22:44 Hand Cart
23:45 Scale Barding Armor
23:44 Gold Mining
23:46 Stone Mining
24:01 Town Watch
25:39 Gold Shaft Mining
28:43 Imperial Age
26:21 Padded Archer Armor
26:35 Town Patrol
28:21 Leather Archer Armor
28:27 Chain Barding Armor
28:24 Bloodlines
28:15 Husbandry
29:01 Stone Shaft Mining
31:03 Chemistry
29:48 Heavy Camel Rider
31:49 Ring Archer Armor
31:56 Plate Barding Armor
32:00 Bow Saw
31:43 Imperial Camel Rider
34:21 Forging
34:02 Fletching
34:25 Shatagni
34:46 Conscription
34:28 Grand Trunk Road
34:42 Masonry
35:17 Siege Engineers
35:34 Ballistics
35:27 Fortified Wall
35:51 Bodkin Arrow
39:10 Iron Casting
42:40 Murder Holes
45:31 Hoardings
46:25 Bracer
47:27 Blast Furnace
46:47 Light Cavalry
49:43 Hussar
LeeFvn
10:12 Loom
12:24 Feudal Age
14:53 Horse Collar
15:03 Double-Bit Axe
19:59 Wheelbarrow
22:42 Castle Age
20:53 Gold Mining
24:59 Fletching
27:37 Stone Mining
28:59 Heavy Plow
30:44 Hand Cart
30:54 Bloodlines
31:39 Bow Saw
32:48 Gold Shaft Mining
36:23 Imperial Age
35:58 Scale Barding Armor
36:03 Forging
37:29 Conscription
36:52 Elite Steppe Lancer
38:13 Chain Barding Armor
38:28 Iron Casting
38:23 Steppe Husbandry
40:26 Plate Barding Armor
40:57 Two-Man Saw
40:50 Crop Rotation
41:25 Cuman Mercenaries
42:29 Blast Furnace
41:43 Scale Mail Armor
41:06 Elite Kipchak
42:44 Pikeman
43:25 Squires
43:11 Arson
44:08 Halberdier
46:05 Capped Ram
47:14 Chain Mail Armor
jphilkill
1:00 Loom
12:05 Feudal Age
11:03 Double-Bit Axe
12:19 Horse Collar
17:19 Castle Age
16:43 Heavy Plow
16:55 Bow Saw
16:43 Gold Mining
19:01 Wheelbarrow
23:12 Pikeman
23:54 Scale Mail Armor
24:04 Forging
26:51 Chain Mail Armor
28:36 Stone Mining
30:10 Hand Cart
32:51 Gold Shaft Mining
32:55 Stone Shaft Mining
32:40 Elite Skirmisher
33:11 Fletching
33:22 Padded Archer Armor
33:28 Scale Barding Armor
33:59 Iron Casting
34:09 Bodkin Arrow
39:17 Imperial Age
39:37 Leather Archer Armor
39:36 Squires
39:50 Halberdier
40:51 Conscription
40:04 Cavalier
40:45 Husbandry
41:05 Bracer
41:35 Plate Mail Armor
42:12 Capped Ram
44:19 Plate Mail Armor
44:52 Crop Rotation
46:01 Blast Furnace
46:08 Chemistry
45:28 Ballistics
47:52 Elite Coustillier
50:35 Chain Barding Armor
Connection lost

Rejoining the realm…

Still unreachable

The connection could not be restored.

Session expired

The server has moved on; the page needs a fresh start.